Map: Lerilak Crest

Players

hoaxAtomic - Winner!

  • Race: Zerg Zerg
  • League: Diamond

LilDicky

  • Race: Terran Terran
  • League: Diamond

VOD

http://www.twitch.tv/tumescentpie

Description

Time

  • Played on: Dec. 1, 2015, 11:52 a.m.
  • Length: 11:27
Show
View Real Time Build Order
Export as new Build Order

hoaxAtomic Zerg - Winner!

Build Orders: Hatch First, Muta Ling Bane 

Get SALT Encoding   

  12  0:01  Drone  
  13  0:12  Overlord  
  13  0:17  Drone  
  14  0:30  Drone  
  14  0:31  Drone  
  14  0:34  Drone  
  17  0:55  Hatchery, Drone  
  17  0:58  Drone  
  18  1:06  Drone  
  18  1:10  Extractor  
  18  1:18  Spawning Pool  
  17  1:19  Drone  
  18  1:28  Drone  
  19  1:47  Drone  
  19  1:51  Drone  
  21  1:58  Hatchery  
  20  2:04  Queen  
  22  2:10  Queen  
  22  2:15  Zergling x2  
  25  2:20  Metabolic Boost  
  25  2:24  Drone  
  25  2:26  Drone  
  27  2:32  Overlord  
  27  2:39  Drone  
  27  2:56  Drone x6  
  33  3:08  Zergling x4  
  35  3:25  Zergling x4  
  35  3:26  Drone x2  
  39  3:36  Drone  
  39  3:37  Drone x2, Overlord  
  39  3:38  Baneling Nest  
  41  3:55  Drone  
  42  3:57  Drone x5  
  42  3:58  Drone x2  
  49  4:03  Evolution Chamber  
  49  4:04  Evolution Chamber, Queen  
  48  4:24  Drone x2  
  48  4:27  Lair, Overlord x2  
  48  4:30  Zerg Melee Weapons Level 1  
  50  4:39  Zerg Ground Armor Level 1  
  50  4:42  Extractor  
  50  4:44  Extractor x2  
  47  4:50  Drone x4  
  47  4:51  Drone x6  
  54  5:02  Spore Crawler x2  
  54  5:06  Spore Crawler  
  51  5:08  Drone x8  
  51  5:12  Spore Crawler  
  58  5:14  Spore Crawler  
  58  5:16  Spore Crawler  
  58  5:18  Drone  
  58  5:19  Drone  
  58  5:36  Spire  
  58  5:40  Zergling x18  
  58  5:42  Overlord x2  
  66  5:43  Overlord  
  66  5:50  Hatchery  
  66  5:56  Extractor  
  64  5:57  Extractor  
  64  5:58  Drone x2  
  65  6:12  Drone x2  
  65  6:13  Drone x9  
  71  6:28  Hatchery  
  66  6:43  Zerg Melee Weapons Level 2  
  66  6:44  Zerg Ground Armor Level 2  
  66  6:45  Centrifical Hooks  
  66  6:54  Zergling x2  
  66  6:55  Zergling x20  
  77  7:02  Zergling x2  
  77  7:03  Zergling x18  
  87  7:11  Zerg Flyer Weapons Level 1, Overlord x2  
  87  7:23  Overlord x2  
  87  7:26  Drone x4  
  91  7:38  Overlord x3  
  91  7:42  Infestation Pit  
  90  7:46  Mutalisk  
  90  7:47  Mutalisk x7  
  106  7:54  Drone x6  
  106  7:57  Extractor  
  106  7:58  Extractor  
  110  8:02  Queen  
  112  8:05  Hatchery  
  111  8:26  Hive, Overlord x2  
  110  8:28  Mutalisk  
  110  8:29  Mutalisk x5  
  110  8:31  Zergling x6  
  110  8:32  Zergling x8  
  129  8:39  Drone x4  
  129  8:40  Drone x3  
  136  8:53  Mutalisk x2  
  136  8:54  Mutalisk x2  
  144  8:56  Overseer x2  
  144  9:03  Overlord x2  
  144  9:04  Overlord  
  144  9:29  Mutalisk  
  144  9:30  Mutalisk x7  
  160  9:32  Zergling x26  
  172  9:47  Mutalisk  
  172  9:48  Mutalisk x3  
  172  9:50  Zergling x18  
  189  9:55  Baneling x3  
  189  9:56  Baneling x3  
  189  9:57  Baneling  
  189  9:58  Baneling  
  131  11:01  Zergling x12  
  131  11:02  Zergling x48  
  131  11:03  Zergling x14  
  168  11:22  Ultralisk Cavern  
Show
View Real Time Build Order
Export as new Build Order

LilDicky Terran 

Build Orders: Liberator Opening 

Get SALT Encoding   

  12  0:05  SCV  
  13  0:18  SCV  
  14  0:21  Supply Depot  
  14  0:30  SCV  
  14  0:31  Refinery  
  15  0:43  SCV  
  15  0:47  Barracks  
  16  0:55  SCV  
  17  1:07  SCV  
  18  1:19  SCV  
  20  1:34  Supply Depot  
  20  1:37  Reaper  
  20  1:38  Orbital Command  
  20  1:49  Command Center  
  20  2:05  Refinery  
  20  2:06  SCV  
  21  2:08  Marine  
  21  2:14  Factory  
  22  2:22  SCV  
  23  2:32  Barracks Tech Lab  
  23  2:38  Supply Depot  
  23  2:48  SCV  
  23  3:00  SCV  
  23  3:03  Orbital Command  
  24  3:07  Barracks Reactor  
  24  3:12  SCV  
  25  3:15  Starport  
  25  3:28  SCV  
  25  3:30  Siege Tank  
  25  3:31  SCV  
  25  3:34  Refinery  
  30  3:36  Refinery  
  30  3:37  Liberator  
  30  3:48  Marine x2  
  30  3:50  SCV  
  30  3:51  SCV  
  36  4:07  Command Center  
  36  4:08  SCV  
  37  4:10  SCV  
  32  4:25  Marine  
  32  4:27  Siege Tank  
  33  4:34  Marine, Orbital Command  
  33  4:38  SCV  
  33  4:44  Command Center  
  32  4:51  Marine  
  33  4:59  SCV x2  
  35  5:05  Siege Tank  
  38  5:14  SCV x2  
  40  5:16  Liberator  
  40  5:20  Orbital Command  
  40  5:26  SCV x2  
  45  5:38  SCV x2  
  47  5:45  Supply Depot  
  47  5:50  SCV x2  
  47  5:53  SCV  
  47  5:55  Siege Tank  
  53  5:59  Medivac  
  53  6:02  SCV x2  
  57  6:05  SCV  
  57  6:07  Engineering Bay  
  57  6:09  Engineering Bay  
  58  6:14  SCV  
  58  6:17  SCV  
  60  6:19  Orbital Command  
  60  6:22  SCV, Marine  
  54  6:39  Marine  
  45  6:50  SCV, Supply Depot  
  46  7:00  Barracks Reactor  
  46  7:05  SCV x2  
  48  7:10  Liberator  
  48  7:11  Command Center  
  48  7:13  Terran Infantry Weapons Level 1  
  48  7:14  Terran Infantry Armor Level 1, Barracks  
  48  7:15  Barracks  
  48  7:16  Barracks  
  48  7:19  SCV x2  
  48  7:21  SCV  
  54  7:34  SCV  
  54  7:35  SCV x3  
  58  7:39  Refinery  
  58  7:41  Refinery  
  58  7:44  Marine x2  
  59  7:46  SCV  
  59  7:50  Siege Tank  
  64  7:58  SCV  
  65  8:00  SCV x3  
  65  8:05  Barracks Tech Lab  
  68  8:06  Barracks Tech Lab  
  68  8:08  Barracks Reactor, Marine  
  68  8:09  Marine  
  68  8:11  Missile Turret  
  70  8:14  Missile Turret  
  70  8:20  Armory  
  70  8:24  Missile Turret  
  70  8:25  Missile Turret  
  70  8:26  Planetary Fortress, Liberator x2  
  70  8:29  Marine x2  
  70  8:30  Missile Turret  
  72  8:41  Siege Tank  
  72  8:43  Command Center, Marine x2  
  72  8:46  Marine  
  72  8:47  Combat Shields, Stimpack  
  84  8:48  Marine  
  85  9:00  SCV x4  
  85  9:01  Marine x2  
  85  9:02  Marauder  
  93  9:03  Missile Turret  
  93  9:12  Marine  
  93  9:15  Starport  
  93  9:17  Factory  
  94  9:18  SCV x2  
  87  9:45  SCV x2  
  87  9:47  Marine x2  
  87  9:48  Marauder, Marine x2  
  87  9:49  Marauder  
  96  9:54  SCV x2  
  96  9:56  Siege Tank  
  96  9:57  SCV  
  96  9:58  SCV  
  103  10:04  Supply Depot  
  103  10:06  SCV x2  
  105  10:10  Supply Depot, Marauder  
  107  10:14  Factory Tech Lab  
  107  10:16  Missile Turret, Starport Tech Lab  
  107  10:18  SCV x2  
  109  10:24  Marine x2  
  109  10:25  Marauder  
  113  10:29  Medivac x2  
  113  10:30  SCV x2, Marine  
  113  10:32  Marine  
  121  10:41  Missile Turret  
  97  10:53  Marine x2  
  62  11:08  Marine  
  62  11:09  Marine x3  
Tags
 
Add a new tag
Caveats
  • Supply blocks, unpowered buildings, or Contaminate may cause inaccurate times.
  • Supply counts are checked every 10 seconds.